 Dungeon Crawl Stone Soup version bcrawl-1.31.4 (webtiles) character file.

Game seed: 2500476661043105201

9000294 Morbidden the Spear-Bearer (level 17, -9/148 HPs)
             Began as a Red Draconian Archaeologist on June 13, 2021.
             Was a High Priest of Cheibriados.
             Mangled by a vampire knight
             ... wielding a +0 great sword
              (30 damage)
             ... on level 1 of the Depths.
             The game lasted 00:59:40 (31396 turns).

Morbidden the Spear-Bearer (DrAc)                  Turns: 31396, Time: 00:59:41

Health: -9/148     AC: 19    Str: 28    XL:     17   Next: 42%
Magic:  31/31      EV: 22    Int: 34    God:    Cheibriados [*****.]
Gold:   1218       SH: 15    Dex: 25    Spells: 23/36 levels left

rFire    + + +     SeeInvis .   a - +11 lance "Wyrmbane" {slay drac, rPois rF+ rC+ AC+3}
rCold    + + .     Gourm    .   j - +2 medium shield {AC+3}
rNeg     + . .     Faith    .   (armour unavailable)
rPois    +         Spirit   .   P - -2 hat of the Alchemist {rElec rPois rF+ rC+ rN+ MR+ rMut rCorr}
rElec    +         Reflect  .   (no cloak)
rCorr    +         Harm     .   x - +2 pair of gloves
rMut     +                      d - +2 pair of boots
MR       +....                  o - amulet of regeneration
Stlth    ++++......             C - ring of protection from fire
HPRegen  1.27/turn              U - ring of wizardry
MPRegen  0.22/turn

@: short of breath, vulnerable, very slow
A: breathe fire, unfitting armour, fire resistance 1, cold-blooded, AC +9
}: 1/15 runes: decaying
a: Breathe Fire, Bend Time, Temporal Distortion, Slouch, Step From Time,
Renounce Religion


You were on level 1 of the Depths.
You worshipped Cheibriados.
Cheibriados was extremely pleased with you.
You were very hungry.

You visited 7 branches of the dungeon, and saw 25 of its levels.
You also visited: Sewer and Ossuary.

You collected 2748 gold pieces.
You spent 1530 gold pieces at shops.

Inventory:

Hand Weapons
 a - the +11 lance "Wyrmbane" (weapon) {slay drac, rPois rF+ rC+ AC+3}
   (You acquired it on level 3 of the Dungeon)

   It affects your AC (+3).
   It protects you from fire.
   It protects you from cold.
   It protects you from poison.
 b - a +1 blowgun
 g - a +3 demon blade of venom
 w - a +8 quick blade
Missiles
 h - 122 curare-tipped needles
 u - 635 poisoned needles
 F - 582 poisoned tomahawks (quivered)
 O - 31 javelins
Armour
 d - a +2 pair of boots (worn)
 j - a +2 medium shield of protection (worn)
 x - a +2 pair of gloves (worn)
 P - the -2 hat of the Alchemist (worn) {rElec rPois rF+ rC+ rN+ MR+ rMut rCorr}
   (You bought it in a shop in the Orcish Mines)

   It protects you from fire.
   It protects you from cold.
   It insulates you from electricity.
   It protects you from poison.
   It protects you from negative energy.
   It affects your resistance to hostile enchantments.
   It provides partial protection from all sources of acid and corrosion.
   It protects you from mutation.
 W - a +0 large shield
Jewellery
 c - an uncursed ring of poison resistance
 o - an amulet of regeneration (around neck)
 C - a ring of protection from fire (left hand)
 D - an uncursed ring of resist corrosion
 Q - an uncursed amulet of magic regeneration
 U - a ring of wizardry (right hand)
 Y - an uncursed amulet of the acrobat
Wands
 p - a wand of paralysis (20)
 G - a wand of enslavement (9)
 I - a wand of iceblast (11)
 J - a wand of clouds (2)
 S - a wand of digging (8)
 T - a wand of disintegration (5)
 V - a wand of random effects (18)
 Z - a wand of scattershot (4)
Scrolls
 f - 2 scrolls of magic mapping
 i - 4 scrolls of identify
 k - 14 scrolls of remove curse
 n - 9 scrolls of enchant weapon
 q - 7 scrolls of enchant armour
 r - a scroll of fear
 t - 10 scrolls of teleportation
 y - 2 scrolls of immolation
 E - 4 scrolls of fog
 H - 7 scrolls of amnesia
 N - 2 scrolls of blinking
Potions
 l - 7 potions of curing
 s - 2 potions of mutation
 v - 7 potions of ambrosia
 z - 7 potions of brilliance
 A - 3 potions of agility
 B - 3 potions of lignification
 K - 3 potions of might
 M - a potion of cancellation
 R - 2 potions of flight
 X - 2 potions of resistance
Miscellaneous
 m - a lamp of fire (inert)
Comestibles
 e - 44 rations {!d}


   Skills:
 * Level 12.7 Fighting
 + Level 6.0 Short Blades
   Level 1.0(1.7) Maces & Flails
 * Level 14.4 Polearms
   Level 2.1(9.9) Staves
 + Level 2.4 Throwing
 * Level 11.4 Dodging
 + Level 6.6 Stealth
 * Level 6.8 Shields
 * Level 10.1 Spellcasting
 * Level 10.7 Conjurations
 * Level 12.0 Fire Magic
 * Level 11.0 Invocations
 + Level 0.7 Evocations


You had 23 spell levels left.
You knew the following spells:

 Your Spells              Type           Power        Failure   Level  Hunger
a - Fireball              Conj/Fire      #######...   2%          5    ####...
b - Sticky Flame          Conj/Fire      #######.     1%          4    #......
c - Flame Tongue          Conj/Fire      #####        1%          1    None
d - Conjure Flame         Conj/Fire      #######.     1%          3    None

Your spell library contained the following spells:

 Spells                   Type           Power        Failure   Level  Hunger
 Flaming Arrows           Chrm/Fire      ######..     1%          2    None
 Dazzling Orbs            Conj/Hex       ######.      2%          3    None
 Inner Flame              Hex/Fire       N/A          2%          3    None
 Corona                   Hex            ###....      9%          1    None
 Ensorcelled Hibernation  Hex/Ice        ###...       13%         2    None
 Confuse                  Hex            ###.....     26%         3    None
 Tukima's Dance           Hex            ###.....     26%         3    None
 Cause Fear               Hex            ###.......   61%         4    #......
 Petrify                  Tmut/Erth      ###.......   61%         4    #......
 Yara's Violent Unravell  Hex/Tmut       ###.......   61%         4    #......
 Metabolic Englaciation   Hex/Ice        ###.......   90%         5    ####...
 Mana Rupture             Conj/Hex       ######....   100%        7    ######.


Dungeon Overview and Level Annotations

Branches:
Dungeon (12/12)            Temple (1/1) D:4            Lair (6/6) D:8
  Swamp (3/3) Lair:2        Snake (1/3) Lair:2        Slime (0/5) Lair:5
    Orc (1/1) D:8             Elf (0/3) Orc          Vaults (0/3) D:11
 Depths (1/5) D:12

Altars:
Ashenzari
Cheibriados
Dithmenos
Elyvilon
Fedhas
Gozag
Hepliaklqana
Kikubaaqudgha
Lugonu
Makhleb
Nemelex Xobeh
Okawaru
Qazlal
Ru
Sif Muna
Trog
Uskayaw
Vehumet
Wu Jian
Xom
Yredelemnul
Zin
The Shining One
Jiyva

Shops:
D:6 }   D:9 %   Orc [[=*

Portals:
Hell: Depths:1

Annotations:
Lair:1 exclusion: 3 oklob plants
Depths:1 Sojobo


Innate Abilities, Weirdness & Mutations

You can breathe blasts of fire.
Your fiery red scales are hard. (AC +9)
You cannot fit into any form of body armour.
Your flesh is heat resistant. (rF+)
You are cold-blooded and may be slowed by cold attacks.


Message History

Unknown command.
Unknown command.
Okay, then.
Okay, then.
You puncture something! You tail-slap something. Something hits you!
* * * LOW HITPOINT WARNING * * *
Something bites you.
* * * LOW HITPOINT WARNING * * *
Something draws strength from your injuries!
Unknown command.
Unknown command.
Unknown command.
You feel better.
Unholy energy fills the air.
* * * LOW HITPOINT WARNING * * *
Unknown command.
Unknown command.
Unknown command.
Unknown command.
You feel better. Something hits you!!
You die...

.............## #.# ...#
C.⌠...#.#.....# ###.##.#.#
........#.##..# #...##.#.'.
.......###.##..#
#........#. .######
#.##..###..###.#.#..
...#### #.##.......# #.#.#
#' ......####'###'###.##
..⌠........#...{.#.#
.%....#....#.)≈≈@#.#
#.....'....#.≈#≈.'.##
###...#....#)≈≈≈.#..###.#
.######'###')....#......#
....##.....)###'###'#####'
.....'......#...'..........
.#####......#...#..........
.# #......'...#..........
.# #......#...#..........


There were no monsters in sight!

Vanquished Creatures
  Mara (Depths:1)
  the Enchantress (Depths:1)
  7 thorn hunters
  Louise (Swamp:2)
  3 spriggan defenders (Depths:1)
  2 very ugly things (Depths:1)
  5 dire elephants (Lair:6)
  An ettin (Depths:1)
  A fire dragon (Depths:1)
  2 ice dragons
  A rakshasa (D:12)
  A vault guard (D:11)
  28 hydras
  3 shambling mangroves (Swamp:2)
  2 ghost crabs
  7 alligators
  A catoblepas (Lair:6)
  A spriggan air mage (Depths:1)
  6 anacondas
  4 centaur warriors
  6 two-headed ogres
  2 ogre magi
  A death yak (Lair:6)
  A tengu warrior (Depths:1)
  A spectral dire elephant (Lair:6)
  2 shock serpents (Snake:1)
  3 naga sharpshooters (Snake:1)
  A spectral death yak (Lair:6)
  Sonja (Lair:1)
  A death drake (Swamp:2)
  A goliath frog (Swamp:2)
  A spectral anaconda (Lair:6)
  2 wizards (Depths:1)
  An unseen horror (D:11)
  8 swamp dragons
  2 spriggan druids
  2 phantasmal warriors (Depths:1)
  An obsidian statue (Lair:6)
  A cyclops (D:12)
  4 necromancers (Lair:6)
  2 deep elf magi
  3 mana vipers (Snake:1)
  3 orc knights
  2 oklob plants (Swamp:2)
  14 ugly things
  2 manticores
  7 slime creatures
  4 orc sorcerers
  4 naga magi (Snake:1)
  25 elephants
  A centaur zombie (D:10)
  13 black mambas
  9 will-o'-wisps
  A gargoyle (D:12)
  14 cane toads
  A freezing wraith (D:11)
  9 rime drakes
  A redback zombie (D:12)
  7 komodo dragons
  2 efreet
  5 yaktaurs
  A queen bee (shapeshifter) (Depths:1)
  4 trolls
  A wolf spider simulacrum (D:9)
  7 tyrant leeches
  5 hornets
  12 blink frogs
  8 bog bodies
  A meliai zombie (D:12)
  10 dream sheep
  A hippogriff (shapeshifter) (D:12)
  15 hippogriffs
  A shadow (D:11)
  36 yaks
  3 spriggans
  11 wyverns
  A dire elephant simulacrum (Lair:6)
  2 water elementals (D:12)
  A golden eye (shapeshifter) (D:12)
  3 hungry ghosts
  2 steam dragons
  22 vampire mosquitoes
  9 basilisks
  3 spectral cane toads (Lair:6)
  7 nagas
  8 swamp worms
  14 crocodiles
  16 water moccasins
  3 porcupines
  30 orc warriors
  A sky beast (D:9)
  12 swamp drakes
  An elephant zombie (Lair:6)
  2 ice beasts
  2 necrophages (D:8)
  7 ogres
  A wolf (shapeshifter) (D:11)
  9 wolves (Lair:6)
  7 boggarts
  2 elephant skeletons (Lair:6)
  11 centaurs
  12 bullfrogs
  5 big kobolds
  A wyvern zombie (D:6)
  A cane toad simulacrum (Lair:6)
  A hornet simulacrum (D:11)
  A scorpion (D:12)
  An elephant simulacrum (Lair:6)
  15 killer bees
  9 wights
  4 howler monkeys
  4 electric eels
  4 crimson imps
  A bullfrog zombie (D:6)
  5 hounds
  16 orc priests
  2 jellies
  A centaur skeleton (D:9)
  17 orc wizards
  5 iguanas
  15 worker ants
  A killer bee zombie (D:3)
  A big kobold zombie (Ossuary)
  A hound skeleton (D:9)
  9 mummies
  6 gnolls
  13 adders
  A shadow imp (D:9)
  3 oozes (Lair:5)
  An adder skeleton (D:5)
  5 worms
  3 dart slugs
  3 leopard geckos
  77 orcs
  5 ball pythons
  7 giant cockroaches
  6 goblins
  11 hobgoblins
  8 jackals
  2 quokkas
  7 bats
  5 frilled lizards
  5 hobgoblin zombies (Ossuary)
  A jackal skeleton (D:5)
  37 kobolds
  A kobold zombie (Ossuary)
  An orc zombie (Ossuary)
  A quokka zombie (D:5)
  9 rats
  A fungus (Lair:6)
  A plant (Swamp:2)
893 creatures vanquished.

Vanquished Creatures (collateral kills)
  Snorg (D:9)
1 creature vanquished.

Vanquished Creatures (others)
  A centaur skeleton (D:12)
  A polar bear (Lair:6)
  2 crocodiles (Lair:6)
  2 briar patches
  6 bushes (Lair:3)
  27 fungi
  7 plants
  18 withered plants (Lair:6)
64 creatures vanquished.

Grand Total: 958 creatures vanquished

Notes
Turn   | Place    | Note
-------+----------+-------------------------------------------
     0 | D:1      | Morbidden the Draconian Archaeologist began the quest for
                  | the Orb.
     0 | D:1      | Reached XP level 1. HP: 16/16 MP: 1/1
   143 | D:1      | Reached XP level 2. HP: 23/23 MP: 2/2
   679 | D:1      | Reached XP level 3. HP: 21/28 MP: 3/3
   918 | D:2      | Found a shimmering altar of Xom.
  1061 | D:2      | Found a faded altar of an unknown god.
  1114 | D:2      | Reached skill level 1 in Short Blades
  1275 | D:2      | Reached XP level 4. HP: 33/35 MP: 4/4
  1794 | D:3      | Reached XP level 5. HP: 39/41 MP: 5/5
  1794 | D:3      | Identified a scroll of acquirement
  1797 | D:3      | Identified the ring "Sumiud" {rN+ Str+5} (You acquired it
                  | on level 3 of the Dungeon)
  1798 | D:3      | Found the +8 lance "Wyrmbane" {slay drac, rPois rF+ rC+
                  | AC+3}
  2325 | D:4      | Found a sand-covered staircase.
  2333 | Ossuary  | Entered an ossuary
  2419 | Ossuary  | Reached skill level 1 in Polearms
  2462 | Ossuary  | Reached XP level 6. HP: 49/50 MP: 6/6
  2606 | D:4      | Reached skill level 2 in Polearms
  2630 | D:4      | Reached skill level 3 in Polearms
  2803 | D:4      | Found a staircase to the Ecumenical Temple.
  2812 | Temple   | Entered the Ecumenical Temple
  3084 | D:4      | Found a basalt altar of Yredelemnul.
  3144 | D:4      | Your scales start taking on a fiery red colour.
  3144 | D:4      | Reached XP level 7. HP: 57/57 MP: 7/7
  3144 | D:4      | Gained mutation: Your flesh is heat resistant. (rF+) [Red
                  | Draconian growth]
  3451 | D:4      | Reached skill level 4 in Polearms
  3773 | D:4      | Reached skill level 5 in Dodging
  3958 | D:5      | Entered Level 5 of the Dungeon
  4100 | D:5      | Found a glowing drain.
  4116 | Sewer    | Entered a sewer
  4150 | Sewer    | Reached skill level 5 in Polearms
  4285 | Sewer    | Reached XP level 8. HP: 65/66 MP: 8/8
  4576 | D:5      | Found an opulent altar of Gozag.
  4639 | D:6      | Found a snail-covered altar of Cheibriados.
  4685 | D:6      | Reached skill level 6 in Polearms
  4733 | D:6      | Became a worshipper of Cheibriados the Contemplative
  5501 | D:6      | Found Bescheokh's Gadget Shop.
  5614 | D:6      | Reached skill level 7 in Polearms
  5666 | D:6      | Reached skill level 1 in Invocations
  5667 | D:6      | Noticed a hippogriff
  5671 | D:6      | Killed a hippogriff
  5672 | D:6      | Reached skill level 5 in Fighting
  5875 | D:6      | Reached XP level 9. HP: 52/74 MP: 10/10
  5880 | D:6      | Reached * piety under Cheibriados
  6084 | D:7      | Learned a level 1 spell: Flame Tongue
  6608 | D:7      | Noticed a deep elf mage
  6614 | D:7      | Killed a deep elf mage
  6615 | D:7      | Reached skill level 8 in Polearms
  6615 | D:7      | Reached skill level 5 in Stealth
  6615 | D:7      | Reached skill level 1 in Conjurations
  6615 | D:7      | Reached skill level 1 in Fire Magic
  6664 | D:7      | Noticed a troll
  6669 | D:7      | Killed a troll
  6670 | D:7      | Reached skill level 1 in Spellcasting
  7285 | D:8      | Learned a level 4 spell: Sticky Flame
  7382 | D:8      | Reached skill level 9 in Polearms
  7407 | D:8      | Reached XP level 10. HP: 65/83 MP: 12/12
  7531 | D:8      | Reached ** piety under Cheibriados
  7581 | D:8      | Identified the cursed +0 scale mail of Loklih {rC+}
  7766 | D:8      | Reached *** piety under Cheibriados
  7852 | D:8      | Found a staircase to the Orcish Mines.
  7857 | D:8      | Reached skill level 10 in Polearms
  8306 | D:8      | Found a staircase to the Lair.
  8549 | Lair:1   | Entered Level 1 of the Lair of Beasts
  8610 | Lair:1   | Noticed a six-headed hydra
  8625 | Lair:1   | Killed a six-headed hydra
  8626 | Lair:1   | Reached XP level 11. HP: 45/92 MP: 15/15
  8732 | Lair:1   | Reached **** piety under Cheibriados
  8819 | Lair:1   | Reached skill level 11 in Polearms
  8921 | Lair:1   | Noticed a four-headed hydra
  8938 | Lair:1   | Killed a four-headed hydra
  9033 | Lair:1   | Noticed a seven-headed hydra
  9042 | Lair:1   | Killed a seven-headed hydra
  9324 | Lair:1   | Noticed Sonja
  9331 | Lair:1   | Killed Sonja
  9397 | Lair:1   | Noticed an oklob plant
  9398 | Lair:1   | Noticed an oklob plant
  9400 | Lair:1   | Noticed an oklob plant
  9707 | Lair:2   | Found a staircase to the Snake Pit.
  9712 | Lair:2   | Reached skill level 5 in Invocations
  9718 | Lair:2   | Reached skill level 5 in Fire Magic
 10186 | Lair:2   | Found a staircase to the Swamp.
 10224 | Lair:2   | Reached ***** piety under Cheibriados
 10433 | Lair:2   | Reached XP level 12. HP: 103/103 MP: 13/18
 10832 | Lair:3   | Reached skill level 12 in Polearms
 10923 | Lair:3   | Found a shadowy altar of Dithmenos.
 10958 | Lair:3   | Reached skill level 5 in Conjurations
 11160 | Lair:3   | Noticed a six-headed hydra
 11166 | Lair:3   | Killed a six-headed hydra
 12218 | D:9      | Reached skill level 5 in Spellcasting
 12290 | D:9      | Found a radiant altar of Vehumet.
 12298 | D:9      | Reached skill level 1 in Throwing
 12585 | D:9      | Found Piycuamm's Food Emporium.
 13177 | D:10     | Entered Level 10 of the Dungeon
 13191 | D:10     | Noticed Snorg
 13332 | D:10     | Noticed an eight-headed hydra
 13338 | D:10     | Killed an eight-headed hydra
 13439 | D:10     | Reached ****** piety under Cheibriados
 13589 | D:9      | Killed Snorg
 13775 | D:10     | Reached XP level 13. HP: 111/111 MP: 15/21
 13944 | D:10     | Got a fading rapier
 13951 | D:10     | Learned a level 5 spell: Fireball
 14374 | D:11     | Found a gate to the Vaults.
 15047 | D:12     | Entered Level 12 of the Dungeon
 15101 | D:11     | Reached skill level 10 in Fighting
 16192 | D:12     | Found a staircase to the Depths.
 17067 | Lair:4   | Reached XP level 14. HP: 93/122 MP: 23/23
 17313 | Lair:4   | Reached skill level 13 in Polearms
 17672 | Lair:5   | Reached skill level 5 in Short Blades
 17892 | Lair:5   | Found a viscous altar of Jiyva.
 17892 | Lair:5   | Found a staircase to the Slime Pits.
 17892 | Lair:5   | Found a viscous altar of Jiyva.
 18076 | Lair:5   | Identified the +7 rapier of Zixamiypp {freeze, Int+5} (You
                  | found it on level 10 of the Dungeon)
 18238 | Lair:5   | Learned a level 3 spell: Conjure Flame
 18401 | Lair:6   | Entered Level 6 of the Lair of Beasts
 18413 | Lair:6   | Reached skill level 1 in Shields
 19174 | Lair:6   | Reached skill level 10 in Dodging
 19397 | Lair:6   | Found the +7 lajatang of Order {silver, rMut}
 19823 | Lair:6   | Reached XP level 15. HP: 38/130 MP: 4/25
 20546 | Lair:6   | Reached skill level 1 in Staves
 21211 | Orc      | Entered the Orcish Mines
 21960 | Orc      | Paralysed by an orc sorcerer for 4 turns
 21966 | Orc      | Found a staircase to the Elven Halls.
 22933 | Orc      | Found Elumoesm's Jewellery Shoppe.
 22933 | Orc      | Found Tenuipuu's Antique Armour Shop.
 22935 | Orc      | Found Bobitzi's Antique Armour Boutique.
 22937 | Orc      | Found Jeon's Assorted Antiques.
 22944 | Orc      | Bought a pair of faintly humming boots for 256 gold pieces
 22963 | Orc      | Identified the cursed +0 pair of boots "Baypar" {rElec rF-
                  | Str+2} (You bought it in a shop in the Orcish Mines)
 22976 | Orc      | Bought the -2 hat of the Alchemist {rElec rPois rF+ rC+ rN+
                  | MR+ rMut rCorr} for 1274 gold pieces
 22976 | Orc      | Found the -2 hat of the Alchemist {rElec rPois rF+ rC+ rN+
                  | MR+ rMut rCorr}
 23202 | Snake:1  | Entered Level 1 of the Snake Pit
 23207 | Snake:1  | Reached skill level 10 in Fire Magic
 24694 | Swamp:1  | Entered Level 1 of the Swamp
 24699 | Swamp:1  | Noticed a thorn hunter
 24720 | Swamp:1  | Killed a thorn hunter
 25430 | Swamp:1  | Reached XP level 16. HP: 139/139 MP: 17/28
 25927 | Swamp:2  | Noticed Louise
 25938 | Swamp:2  | Killed Louise
 25949 | Swamp:2  | Noticed a thorn hunter
 25955 | Swamp:2  | Killed a thorn hunter
 26036 | Swamp:2  | Reached skill level 5 in Shields
 26368 | Swamp:2  | Noticed a thorn hunter
 26657 | Swamp:2  | Reached skill level 14 in Polearms
 27074 | Swamp:2  | Noticed a thorn hunter
 27090 | Swamp:2  | HP: 5/139 [thorn hunter (2)]
 27092 | Swamp:2  | Killed a thorn hunter
 27285 | Swamp:2  | Noticed a thorn hunter
 27290 | Swamp:2  | Killed a thorn hunter
 27291 | Swamp:2  | Reached skill level 10 in Invocations
 27479 | Swamp:2  | Killed a thorn hunter
 28530 | Swamp:3  | Entered Level 3 of the Swamp
 28580 | Swamp:3  | Noticed a thorn hunter
 28592 | Swamp:2  | Killed a thorn hunter
 28802 | Swamp:3  | Noticed a thorn hunter
 28810 | Swamp:3  | Killed a thorn hunter
 28841 | Swamp:3  | Reached skill level 10 in Conjurations
 30018 | Swamp:3  | Got a decaying rune of Zot
 30485 | Depths:1 | Entered Level 1 of the Depths
 30491 | Depths:1 | Found a gateway to Hell.
 30613 | Depths:1 | Reached XP level 17. HP: 143/148 MP: 30/30
 30722 | Depths:1 | Identified the +4 faerie dragon scales {rPois rF- rCorr
                  | MP+6 Dex-2 SInv}
 30722 | Depths:1 | Noticed the Enchantress
 30731 | Depths:1 | Killed the Enchantress
 30844 | Depths:1 | Noticed Sojobo
 30883 | Depths:1 | Reached skill level 10 in Spellcasting
 31062 | Depths:1 | Found a corrupted altar of Lugonu.
 31117 | Depths:1 | Noticed Mara
 31133 | Depths:1 | Noticed Morbidden's illusion
 31148 | Depths:1 | Killed Mara
 31396 | Depths:1 | Mangled by a vampire knight

Skill      XL: |  1  2  3  4  5  6  7  8  9 10 11 12 13 14 15 16 17 |
---------------+----------------------------------------------------+-----
Dodging        | 3 4 5 6 7 8 9 10 11 | 11.4
Short Blades   | 1 2 4 5 6 |  6.0
Stealth        | 4 5 6 |  6.6
Fighting       | 2 3 5 6 7 8 9 10 11 12 | 12.7
Polearms       | 1 3 5 7 9 10 11 12 13 14 | 14.4
Invocations    | 1 2 3 5 6 7 8 9 10 11 | 11.0
Conjurations   | 2 3 4 6 7 8 9 10 | 10.7
Fire Magic     | 2 3 5 6 8 9 10 11 12 | 12.0
Spellcasting   | 1 3 4 5 6 7 8 9 10 | 10.1
Throwing       | 1 2 |  2.4
Shields        | 2 4 6 |  6.8
Staves         | 2 |  2.1
Maces & Flails | |  1.0
Evocations     | |  0.7

Action                   |  1- 3 |  4- 6 |  7- 9 | 10-12 | 13-15 | 16-18 || total
-------------------------+-------+-------+-------+-------+-------+-------++-------
Melee: Dagger            |    97 |    40 |       |       |       |       ||   137
       Whip              |    10 |       |       |       |       |       ||    10
       Tailslap          |     4 |    10 |    20 |   113 |   271 |    98 ||   516
       Lance             |       |   101 |   339 |   641 |   910 |   377 ||  2368
       Lajatang          |       |       |       |       |   143 |       ||   143
Throw: Tomahawk          |       |       |       |    19 |    23 |    14 ||    56
       Javelin           |       |       |       |    12 |    16 |       ||    28
 Cast: Flame Tongue      |       |       |     2 |    45 |    21 |       ||    68
       Sticky Flame      |       |       |       |    37 |    43 |    16 ||    96
       Fireball          |       |       |       |       |   169 |   116 ||   285
       Conjure Flame     |       |       |       |       |    18 |       ||    18
Invok: Slouch            |       |       |       |       |     9 |     7 ||    16
       Step From Time    |       |       |       |       |       |     1 ||     1
 Abil: Breathe Fire      |       |       |     3 |    10 |    30 |    16 ||    59
Evoke: Phantom mirror    |       |       |       |     1 |       |       ||     1
       Wand              |       |       |       |       |     5 |     1 ||     6
       Lamp of fire      |       |       |       |       |     2 |     2 ||     4
  Use: Scroll            |       |     6 |     3 |     6 |    24 |     3 ||    42
       Potion            |       |       |       |       |     6 |     7 ||    13
 Stab: Sleeping          |     2 |     2 |    16 |    14 |     4 |     1 ||    39
       Fleeing           |       |       |     1 |       |       |       ||     1
       Distracted        |       |       |       |     3 |     5 |     2 ||    10
       Confused          |       |       |       |       |    13 |       ||    13
  Eat: Chunk             |     4 |     5 |    15 |    28 |    66 |    21 ||   139
       Ration            |       |     1 |     1 |     2 |     8 |     6 ||    18
Armor: Skin              |    61 |    58 |   100 |   122 |   305 |    93 ||   739
Dodge: Dodged            |    96 |   124 |   192 |   376 |  1220 |   379 ||  2387
Block: Medium shield     |       |       |       |       |       |    40 ||    40
